 Dungeon Crawl Stone Soup version 0.23.2-33-g5129a83184 (webtiles) character file.

Game seed: 2608664589494861884

1509 FishyPogo the Firebug (level 8, -7/63 HPs)
             Began as a Demonspawn Fire Elementalist on Aug 10, 2019.
             Was a Believer of Makhleb.
             Mangled by a hornet (10 damage)
             ... while paralysed by a hornet
             ... on level 7 of the Dungeon.
             The game lasted 00:33:27 (7715 turns).

FishyPogo the Firebug (DsFE)                        Turns: 7715, Time: 00:33:28

Health: -7/63      AC:  6    Str: 10    XL:     8   Next: 53%
Magic:  0/12       EV:  2    Int: 18    God:    Makhleb [**....]
Gold:   439        SH:  0    Dex: 13    Spells: 7/13 levels left

rFire    . . .     SeeInvis .   b - +1 flail (protect)
rCold    . . .     Gourm    .   (no shield)
rNeg     . . .     Faith    .   v - +0 leather armour
rPois    .         Spirit   +   (helmet restricted)
rElec    .         Reflect  .   (no cloak)
rCorr    .         Harm     .   r - +0 pair of gloves
MR       .....                  (no boots)
Stlth    ++........             (no amulet)
HPRegen  0.20/turn              (no ring)
MPRegen  0.13/turn              (no ring)

@: paralysed, lethally poisoned (-7 -> -11), hasted
A: antennae 1, rugged brown scales 2, spiny 1, magic shield
a: Minor Destruction, Renounce Religion


You were on level 7 of the Dungeon.
You worshipped Makhleb.
Makhleb was pleased with you.
You were hungry.

You visited 2 branches of the dungeon, and saw 8 of its levels.
You also visited: Sewer.

You collected 439 gold pieces.

Inventory:

Hand Weapons
 a - a +0 dagger
 b - a +1 flail of protection (weapon)
Missiles
 g - 5 tomahawks
 j - 277 stones (quivered)
 y - 6 javelins
Armour
 r - a +0 pair of gloves (worn)
 v - a +0 leather armour (worn)
 D - a +0 buckler
Jewellery
 A - an uncursed ring of ice
Wands
 d - a wand of acid (6)
 w - a wand of iceblast (11)
Scrolls
 e - 5 scrolls of amnesia {unknown}
 f - 4 scrolls of enchant armour {unknown}
 i - 8 scrolls of teleportation
 l - 6 scrolls of identify {unknown}
 q - 6 scrolls of remove curse {unknown}
 s - a scroll of noise {unknown}
 t - a scroll of fear {unknown}
 u - 2 scrolls of random uselessness {unknown}
 B - a scroll of blinking {unknown}
 E - a scroll of magic mapping
Potions
 h - a potion of degeneration {unknown}
 k - a potion of mutation {unknown}
 m - a potion of heal wounds {unknown}
 n - a potion of magic
 p - 2 potions of curing {unknown}
 x - 5 potions of flight
 z - a potion of haste
 C - a potion of resistance {unknown}
 F - a potion of agility {unknown}
 G - 2 potions of might {unknown}
Comestibles
 c - 17 rations


   Skills:
 + Level 3.8 Fighting
 - Level 1.7 Armour
 - Level 4.2 Dodging
 - Level 2.0 Stealth
 * Level 2.4 Shields
 - Level 3.0 Spellcasting
 * Level 4.5 Conjurations
 * Level 5.5 Fire Magic
 + Level 2.4 Evocations


You had 7 spell levels left.
You knew the following spells:

 Your Spells              Type           Power        Failure   Level  Hunger
a - Flame Tongue          Conj/Fire      ###..        2%          1    None
b - Throw Flame           Conj/Fire      ###...       4%          2    ##.....
c - Conjure Flame         Conj/Fire      ###.....     9%          3    ###....

Your spell library contained the following spells:

 Spells                   Type           Power        Failure   Level  Hunger
 Magic Dart               Conj           ###.         3%          1    None
 Inner Flame              Hex/Fire       ##......     21%         3    ###....
 Sticky Flame             Conj/Fire      ###.....     26%         4    ####...
 Blink                    Tloc           N/A          32%         2    ##.....
 Call Imp                 Summ           #.......     32%         2    ##.....
 Slow                     Hex            #.......     32%         2    ##.....
 Mephitic Cloud           Conj/Pois/Air  #.......     34%         3    ###....
 Fireball                 Conj/Fire      ###.......   58%         5    ######.


Dungeon Overview and Level Annotations

Branches:
Dungeon (7/15)             Temple (1/1) D:5

Altars:
Ashenzari
Cheibriados
Dithmenos
Elyvilon
Fedhas
Gozag
Kikubaaqudgha
Makhleb
Nemelex Xobeh
Okawaru
Qazlal
Ru
Sif Muna
Trog
Uskayaw
Vehumet
Wu Jian
Xom
Yredelemnul
Zin
The Shining One

Shops:
D:5 %

Annotations:
D:5 1 runed translucent door, Acheron's ghost, amateur DrWn


Innate Abilities, Weirdness & Mutations

You have a pair of small antennae on your head.
You are mostly covered in rugged brown scales. (AC +2, +5% HP)
You are partially covered in sharp spines.
When hurt, damage is shared between your health and your magic reserves.


Message History

It was a potion of magic.
Magic courses through your body.
You feel less wooden.
Your +0 pair of gloves unmelds from your body.
Your +0 leather armour unmelds from your body.
The hornet is struck by your spines. The hornet stings you!
* * * LOW HITPOINT WARNING * * *
You feel as though you will be slow longer.
The hornet closely misses you.
It was a potion of haste.
You feel yourself speed up.
You feel yourself speed up. The hornet stings you.
* * * LOW HITPOINT WARNING * * *
You suddenly lose the ability to move!
The hornet stings you!
* * * LOW HITPOINT WARNING * * *
You are lethally poisoned!
You feel yourself slow down.
You feel yourself speed up.
* * * LOW HITPOINT WARNING * * *
You feel sick. The hornet stings you!
You die...

รท...#
##.#######..# #.#
#...# ##.......=.#
#.# #...#
##.########.# #.#
###.###.## .#
#####.# ##.#.## .#
#.....# ##.## .#
#.##### # #.# .#
#.# #
#.###########y#
#.# #
#...........@.#
#.# #
####.##########
#.# # #.# #.# #
#####.# #.# #
#.....# ########.#
# #.###.#
#........#########
#.# #.#
#.#####...........
#.# #.# #.#
#.########## #.#
#.# #.#
#.##.......#


You could see a hornet.

Vanquished Creatures
  An ice beast (D:5)
  A phantom (D:5)
  An ogre (D:7)
  2 centaurs (D:6)
  A bullfrog (D:6)
  A wyvern zombie (D:6)
  3 scorpions
  A bullfrog zombie (D:6)
  A crimson imp (D:5)
  A hound (D:5)
  A bullfrog skeleton (D:4)
  An orc priest (D:3)
  2 orc wizards
  3 iguanas
  A merfolk siren (Sewer)
  5 worker ants
  A merfolk avatar (Sewer)
  4 gnolls (D:5)
  14 adders
  4 river rats (Sewer)
  2 oozes
  4 worms
  A leopard gecko (D:6)
  25 orcs
  8 giant cockroaches
  4 goblins
  7 hobgoblins
  8 jackals
  5 quokkas
  8 ball pythons
  7 bats
  8 frilled lizards
  7 kobolds
  2 leopard gecko skeletons (D:6)
  A quokka skeleton (D:5)
  21 rats
167 creatures vanquished.

Notes
Turn   | Place    | Note
-------+----------+-------------------------------------------
     0 | D:1      | FishyPogo the Demonspawn Fire Elementalist began the quest
                  | for the Orb.
     0 | D:1      | Reached XP level 1. HP: 13/13 MP: 3/3
   233 | D:1      | Gained mutation: You are partially covered in rugged brown
                  | scales. (AC +1, +3% HP) [demonic ancestry]
   233 | D:1      | Reached XP level 2. HP: 13/19 MP: 1/5
   854 | D:2      | Learned a level 2 spell: Throw Flame
  1032 | D:2      | Reached skill level 3 in Fire Magic
  1106 | D:2      | Reached XP level 3. HP: 25/25 MP: 3/6
  1229 | D:2      | Reached skill level 1 in Fighting
  1598 | D:2      | Gained mutation: You have a pair of small antennae on your
                  | head. [demonic ancestry]
  1598 | D:2      | Reached XP level 4. HP: 32/32 MP: 2/7
  1871 | D:3      | Learned a level 3 spell: Conjure Flame
  2777 | D:3      | Gained mutation: You are partially covered in sharp spines.
                  | [demonic ancestry]
  2777 | D:3      | Reached XP level 5. HP: 4/39 MP: 0/9
  3553 | D:4      | Gained mutation: When hurt, damage is shared between your
                  | health and your magic reserves. [demonic ancestry]
  3553 | D:4      | Reached XP level 6. HP: 46/46 MP: 6/10
  3817 | D:4      | Reached skill level 4 in Fire Magic
  4289 | D:5      | Entered Level 5 of the Dungeon
  4296 | D:5      | Found a staircase to the Ecumenical Temple.
  4307 | Temple   | Entered the Ecumenical Temple
  4455 | Temple   | Became a worshipper of Makhleb the Destroyer
  4617 | D:5      | Reached skill level 1 in Armour
  4724 | D:5      | Gained mutation: You are mostly covered in rugged brown
                  | scales. (AC +2, +5% HP) [demonic ancestry]
  4724 | D:5      | Reached XP level 7. HP: 44/53 MP: 2/11
  4797 | D:5      | Reached skill level 1 in Evocations
  5163 | D:5      | Found a blossoming altar of Fedhas.
  5419 | D:5      | Found Simmugg's Food Emporium.
  5437 | D:5      | Found a runed translucent door.
  5595 | D:5      | Noticed Acheron's ghost (amateur DrWn)
  5818 | D:6      | Found a sparkling altar of Nemelex Xobeh.
  5854 | D:6      | Reached skill level 1 in Shields
  5854 | D:6      | Reached XP level 8. HP: 33/60 MP: 3/12
  6045 | D:6      | Reached * piety under Makhleb
  6111 | D:6      | Found a glowing drain.
  6123 | Sewer    | Entered a sewer
  6200 | Sewer    | Reached skill level 5 in Fire Magic
  6344 | Sewer    | Reached ** piety under Makhleb
  7162 | D:7      | Noticed a two-headed ogre
  7264 | D:7      | Noticed a hornet
  7508 | D:7      | Found a sparkling altar of Nemelex Xobeh.
  7707 | D:7      | Paralysed by a hornet for 3 turns
  7714 | D:7      | Paralysed by a hornet for 2 turns
  7715 | D:7      | HP: 3/63 [poisoned by a hornet]
  7715 | D:7      | Mangled by a hornet

Skill      XL: |  1  2  3  4  5  6  7  8 |
---------------+-------------------------+-----
Dodging        | 2 3 4 |  4.2
Stealth        | 2 |  2.0
Fire Magic     | 3 4 5 |  5.5
Fighting       | 1 2 3 |  3.8
Conjurations   | 2 3 4 |  4.5
Spellcasting   | 3 |  3.0
Armour         | 1 |  1.7
Evocations     | 1 2 |  2.4
Shields        | 1 2 |  2.4

Action                   |  1- 3 |  4- 6 |  7- 9 || total
-------------------------+-------+-------+-------++-------
Melee: Unarmed           |     7 |       |       ||     7
       Dagger            |    15 |    41 |       ||    56
       Flail             |       |    30 |   129 ||   159
Throw: Stone             |     7 |    21 |    17 ||    45
       Tomahawk          |       |     1 |       ||     1
 Cast: Flame Tongue      |    38 |    77 |    98 ||   213
       Throw Flame       |     7 |    42 |    18 ||    67
       Conjure Flame     |       |       |     3 ||     3
  Use: Potion            |       |       |     3 ||     3
       Scroll            |       |       |     1 ||     1
 Stab: Sleeping          |     1 |     3 |     1 ||     5
  Eat: Chunk             |     3 |    12 |    11 ||    26
Armor: Robe              |     3 |     6 |       ||     9
       Leather armour    |       |    13 |    36 ||    49
       Skin              |       |       |    22 ||    22
Dodge: Dodged            |    19 |    46 |    95 ||   160
